 Dungeon Crawl Stone Soup version 0.32-a0-995-gb4a59205af (console) character file.

Game seed: 15270433102552734048

3 petzl the Sneak (level 1, -3/18 HPs)
             Began as a Formicid Delver on Apr 22, 2024.
             Slain by a centaur (4 damage)
             ... on level 8 of the Dungeon.
             The game lasted 00:00:51 (148 turns).

petzl the Sneak (Formicid Delver)                    Turns: 148, Time: 00:00:51

Health: -3/18      AC:  3    Str: 16    XL:     1   Next: 55%
Magic:  2/2        EV: 11    Int:  9    God:
Gold:   0          SH:  0    Dex: 15    Spells: 2/2 levels left

rFire   . . .        a - +0 mace
rCold   . . .        (no shield)
rNeg    . . .        b - +0 leather armour
rPois   .            (helmet unavailable)
rElec   .            (no cloak)
rCorr   .            (no gloves)
SInv    +            (no boots)
Will    .....        (no amulet)
Stlth   +++          (no ring)
HPRegen 0.23/turn    (no ring)
MPRegen 0.08/turn

%: no passive effects
@: no status effects
A: permanent stasis, dig shafts and tunnels, antennae 3, four strong arms
a: Dig, Shaft Self


You were on level 8 of the Dungeon.
You visited 1 branch of the dungeon, and saw 5 of its levels.

Inventory:

Hand Weapons
 a - a +0 mace (weapon)
Armour
 b - a +0 leather armour (worn)
Wands
 f - a wand of digging (3)
Scrolls
 c - a scroll of fog
 d - a scroll of revelation
 e - a scroll of fear
Potions
 g - a potion of brilliance {unknown}


   Skills:
 - Level 3.2 Fighting
 - Level 2.0 Maces & Flails
 - Level 1.7 Dodging
 - Level 6.0 Stealth
 + Level 1.0 Spellcasting


You had 2 spell levels left.
You didn't know any spells.
Your spell library was empty.

Dungeon Overview and Level Annotations

Branches:
Dungeon (6/15)
 Temple: D:4-7

Altars:

Annotations:
D:5 exclusion: downstairs
D:7 1 transporter


Innate Abilities, Weirdness & Mutations

You cannot be hasted, slowed, berserked, paralysed or teleported.
You can dig through walls and to a lower floor.
You have a pair of large antennae on your head. (SInv)
Your four strong arms can wield two-handed weapons with a shield.


Message History

Found a transporter.
An orc comes into view. It is wielding a +0 whip.
The orc shouts!
You hear a shout! x2
An orc comes into view. It is wielding a +2 dagger of venom.
An ogre comes into view. It is wielding a +0 giant spiked club.
A gnoll comes into view. It is wielding a +0 spear.
Found a book of Vapours.
A gnoll comes into view. It is wielding a +0 halberd of venom.
Are you sure you want to shaft yourself?
You begin to dig a shaft.
You continue digging a shaft.
The orc hits you with a +0 whip. A shaft appears beneath you!
You fall into a shaft and drop 1 floor!
The shaft crumbles and collapses.
HP restored.
You sense a monster nearby.
A centaur comes into view.
Found a stone staircase leading down.
The helpless centaur fails to defend itself.
You hit the centaur.
The centaur is lightly wounded.
The centaur hits you but does no damage.
The centaur kicks you. The centaur hits you. The centaur misses you.
You barely miss the centaur.
The centaur is lightly wounded.
The centaur hits you. The centaur completely misses you. The centaur hits you.
The centaur kicks you.
You hit the centaur.
The centaur is moderately wounded.
The centaur hits you but does no damage.
The centaur kicks you but does no damage.
The centaur hits you.
* * * LOW HITPOINT WARNING * * *
The centaur kicks you but does no damage.
You hit the centaur but do no damage.
The centaur is moderately wounded.
The centaur hits you.
* * * LOW HITPOINT WARNING * * *
The centaur barely misses you. The centaur hits you.
You die...

#####
#...##
#.#..#
#.##.#
.....
##.##.#
.....
#..##.#
.....>
#.###.#
.... #.#
#.. ...#
#.# ###
#..###.#
#.#...#
#c@$###
#..##
#..#
#... {
....
...###
..## #.


You could see a centaur.

Vanquished Creatures
  An orc (D:4)
  A quokka (D:4)
2 creatures vanquished.

Notes
Turn   | Place    | Note
-------+----------+-------------------------------------------
     0 | D:5      | petzl the Formicid Delver began the quest for the Orb.
     0 | D:5      | Reached XP level 1. HP: 18/18 MP: 1/1
    14 | D:6      | Noticed a scorpion
    16 | D:6      | Noticed an ice beast
    24 | D:4      | Noticed a scorpion
    26 | D:4      | Noticed an orc wizard
    27 | D:4      | Noticed an orc wizard
    38 | D:4      | Reached skill level 1 in Spellcasting
    40 | D:4      | You fall into a shaft and drop 3 floors!
    74 | D:7      | Found a transporter.
    75 | D:7      | Noticed an electric eel
    77 | D:7      | Noticed an electric eel
    77 | D:7      | Noticed an electric eel
   106 | D:7      | Noticed an ogre
   125 | D:7      | You fall into a shaft and drop 1 floor!
   141 | D:8      | Noticed a centaur
   148 | D:8      | Slain by a centaur

Illustrated notes

Levels and vault maps discovered:
D:4:      layout_loops_ring, minmay_temple_entry_butterflies,
          ebering_ghost_sewer_f, nicolae_ossuary_entry_monument, serial_shops,
          nicolae_shop_trees, chequers_serial_rivers_large_b, hex_medium,
          chequers_serial_rivers_small_b, hangedman_abyss_or_decor_slice,
          uniq_natasha
D:5:      black_bear_nest_1, layout_basic, gammafunk_ghost_smash, uniq_menkaure
D:6:      layout_rooms, serial_shops, nicolae_shop_rolled_up
D:7:      gammafunk_steamed_eel, layout_basic, mainiacjoe_overflow_alcove_2,
          st_stairs_11, hangedman_decor_opposing, uniq_maurice
D:8:      layout_rooms, nicolae_ashenzari_skybound,
          mainiacjoe_overflow_24_doors, hellmonk_lair_entry_icy, serial_shops,
          nicolae_shop_just_a_little_nook, uniq_grum

Skill      XL: |  1 |
---------------+----+-----
Spellcasting   | 1 |  1.0
Fighting       | |  3.2
Maces & Flails | |  2.0
Dodging        | |  1.7
Stealth        | |  6.0

Action                     || total
---------------------------++-------
  Melee: Mace              ||     9
Ability: Shaft Self        ||     2
   Stab: Sleeping          ||     2
 Armour: Leather armour    ||    17
  Dodge: Dodged            ||     7

Table legend: (Time is in decaauts)
 A = Elapsed time spent in this place.
 B = Non-inter-level travel time spent in this place.
 C = Inter-level travel time spent in this place.
 D = Time resting spent in this place.
 E = Time spent auto-exploring this place.
 F = Levels seen in this place.
 G = Mean time per level.
                   A        B        C        D        E       F      G
               +--------+--------+--------+--------+--------+-----+--------+
         Total |    149 |    149 |      0 |     28 |     46 |   5 |   29.8 |
       Dungeon |    149 |    149 |      0 |     28 |     46 |   5 |   29.8 |
               +--------+--------+--------+--------+--------+-----+--------+

Top non-repeatable levels by time:
     D:7: 84 daAuts
     D:8: 23 daAuts
     D:5: 21 daAuts
     D:4: 17 daAuts
     D:6: 2 daAuts
